 Dungeon Crawl Stone Soup version 0.28-a0-863-g8cecda6153 (webtiles) character file.

Game seed: 3889904451856480945

63 jasper the Chopper (level 4, -5/26 HPs)
             Began as a Gargoyle Gladiator on Nov 17, 2021.
             Was an Initiate of Qazlal.
             Slain by Terence (15 damage)
             ... on level 3 of the Dungeon.
             The game lasted 00:02:32 (1257 turns).

jasper the Chopper (Gargoyle Gladiator)             Turns: 1257, Time: 00:02:33

Health: -5/26      AC:  7    Str: 17    XL:     4   Next: 10%
Magic:  4/4        EV: 12    Int:  9    God:    Qazlal [......]
Gold:   36         SH:  0    Dex: 12    Spells: 3/3 levels left

rFire   . . .      SeeInvis .   a - +0 war axe
rCold   . . .      Faith    .   (no shield)
rNeg    + . .      Spirit   .   b - +0 leather armour
rPois   ∞          Reflect  .   c - +0 helmet
rElec   +          Harm     .   (no cloak)
rCorr   .          Rampage  .   (no gloves)
Will    .....                   (no boots)
Stlth   +.........              (no amulet)
HPRegen 0.08/turn               (no ring)
MPRegen 0.09/turn               (no ring)

@: no status effects
A: sickness immunity, AC +3, negative energy resistance 1, electricity
resistance, torment resistance 1, petrification resistance
a: Renounce Religion


You were on level 3 of the Dungeon.
You worshipped Qazlal.
Qazlal was noncommittal.
You visited 1 branch of the dungeon, and saw 4 of its levels.

You collected 36 gold pieces.

Inventory:

Hand Weapons
 a - a +0 war axe (weapon)
 f - a +0 flail
Missiles
 e - 67 stones (quivered)
 h - 2 silver javelins
Armour
 b - a +0 leather armour (worn)
 c - a +0 helmet (worn)


   Skills:
 - Level 2.1 Fighting
 + Level 4.4 Axes
 - Level 1.7 Throwing
 - Level 2.4 Dodging


You had 3 spell levels left.
You didn't know any spells.
Your spell library was empty.

Dungeon Overview and Level Annotations

Branches:
Dungeon (4/15)
 Temple: D:4-7

Altars:
Ashenzari
Qazlal

Annotations:
D:3 Terence


Innate Abilities, Weirdness & Mutations

You are immune to sickness and miasma.
Your stone body is resilient. (AC +3)
You are immune to poison.
You resist negative energy. (rN+)
You are resistant to electric shocks. (rElec)
You are resistant to unholy torment.
You are immune to petrification.


Message History

Found a book of Burglary.
Terence the Incautious comes into view.
He is wielding a +0 flail.
You see here 8 gold pieces.
A kobold comes into view. It is wielding a +0 dagger.
The kobold shouts!
There are no items here.
Okay, then.
Terence drinks a potion.
Terence goes berserk!
Throw: throwing net
Press: ? - help, Shift-Dir - straight line, f - Terence
Aim: Terence, wielding a +0 flail and wearing a +0 scale mail (berserk, 61% to hit)
You throw a throwing net. The throwing net hits Terence.
Terence is caught in the net!
Terence struggles against the net. x2
Terence struggles against the net.
Terence struggles against the net. x2
The net rips apart, and Terence comes free!
Terence rages.
Okay, then.
Okay, then.
As you read the scroll labelled UQIRRAY KUCUOH, it crumbles to dust.
You feel aware of your surroundings.
It was a scroll of magic mapping.
Terence barely misses you.
It was a potion of curing.
You feel better. Terence hits you with a +0 flail!
You take 8 damage, and have 16/26 hp.
MASSIVE DAMAGE!!
The kobold hits you but does no damage. Terence hits you with a +0 flail.
You take 5 damage, and have 11/26 hp.
You aren't carrying any scrolls.
Unknown command.
You aren't carrying any items that you can evoke.
Unknown command.
You closely miss Terence. Terence hits you with a +0 flail.
Terence hits you but does no damage.
You take 1 damage, and have 10/26 hp.
Terence closely misses you.
You hear a shout!
Terence hits you with a +0 flail!
Ouch! That really hurt!
You die...

*****,*,**,***,*,#######**
*****,*,**,* *,.........,*
,,,,,,*,**,* *,,........,*
######*,**,* *,,......,,,*
:.....#+##+##*,,....,,,,,*
............###+#.##******
..............K....#
.............###@..#
.............# #@..#
.<.....$.....# #...#
.............# #...########******
.............####..........,,,,,,
..................>##########***,
............................# *,
............###############.# *,
............# #.# *,
............# #.# *,


You could see Terence (berserk).

Vanquished Creatures
  Natasha (D:4)
  2 adders (D:3)
  An orc (D:3)
  A ball python (D:2)
  A bat (D:3)
  3 endoplasms
  A giant cockroach (D:2)
  2 goblins
  2 jackals (D:3)
  2 quokkas
  A rat (D:3)
17 creatures vanquished.

Vanquished Creatures (others)
  A fungus (D:3)
1 creature vanquished.

Grand Total: 18 creatures vanquished

Notes
Turn   | Place    | Note
-------+----------+-------------------------------------------
     0 | D:1      | jasper the Gargoyle Gladiator began the quest for the Orb.
     0 | D:1      | Reached XP level 1. HP: 12/12 MP: 1/1
   212 | D:2      | Reached skill level 3 in Axes
   350 | D:3      | Found a broken altar of Ashenzari.
   370 | D:3      | Reached XP level 2. HP: 17/17 MP: 2/2
   608 | D:4      | Noticed Natasha
   615 | D:4      | Noticed a crimson imp
   617 | D:4      | Killed Natasha
   618 | D:4      | Reached XP level 3. HP: 11/21 MP: 3/3
   962 | D:3      | Reached skill level 4 in Axes
  1076 | D:3      | Reached XP level 4. HP: 23/26 MP: 4/4
  1128 | D:3      | Found a stormy altar of Qazlal.
  1145 | D:3      | Became a worshipper of Qazlal Stormbringer
  1238 | D:3      | Noticed Terence
  1257 | D:3      | Slain by Terence

Illustrated notes

Levels and vault maps discovered:
D:1:      saegor_arrival_simple_a, layout_rooms,
          chequers_ecumenical_altar_island
D:2:      layout_basic, serial_bayou_pond_d, minmay_domino_2
D:3:      layout_basic, nicolae_qazlal_scattered_showers,
          mainiacjoe_overflow_boulevard, uniq_terence, uniq_pargi
D:4:      layout_gridville, nicolae_vehumet_radiance, uniq_ijyb, uniq_natasha

Skill      XL: |  1  2  3 |
---------------+----------+-----
Axes           | 3 4 |  4.4
Fighting       | |  2.1
Throwing       | |  1.7
Dodging        | |  2.4

Action                   |  1- 3 |  4- 6 || total
-------------------------+-------+-------++-------
Melee: War axe           |    50 |     8 ||    58
Throw: Stone             |    10 |     1 ||    11
       Throwing net      |     2 |     1 ||     3
  Use: Potion            |     2 |     1 ||     3
       Scroll            |       |     2 ||     2
 Stab: Held in net/web   |     1 |       ||     1
Armor: Leather armour    |    19 |     3 ||    22
Dodge: Dodged            |    31 |     4 ||    35

Table legend: (Time is in decaauts)
 A = Elapsed time spent in this place.
 B = Non-inter-level travel time spent in this place.
 C = Inter-level travel time spent in this place.
 D = Time resting spent in this place.
 E = Time spent auto-exploring this place.
 F = Levels seen in this place.
 G = Mean time per level.
                   A        B        C        D        E       F      G
               +--------+--------+--------+--------+--------+-----+--------+
         Total |   1257 |   1257 |      0 |    498 |    455 |   4 |  314.2 |
       Dungeon |   1257 |   1257 |      0 |    498 |    455 |   4 |  314.2 |
               +--------+--------+--------+--------+--------+-----+--------+

Top non-repeatable levels by time:
     D:3: 609 daAuts
     D:4: 408 daAuts
     D:2: 219 daAuts
     D:1: 20 daAuts
